 Dungeon Crawl Stone Soup version 0.21-a0-529-g8c7b3f5 (webtiles) character file.

38 Gerstahl the Skirmisher (level 3, -1/29 HPs)
             Began as a Human Monk on Dec 9, 2017.
             Slain by an orc priest
             ... wielding a +0 club
              (4 damage)
             ... on level 2 of the Dungeon.
             The game lasted 00:02:02 (1248 turns).

Gerstahl the Skirmisher (Human Monk)                Turns: 1248, Time: 00:02:02

Health: -1/29      AC:  2    Str: 16    XL:     3   Next: 65%
Magic:  3/3        EV: 14    Int: 10    God:
Gold:   95         SH:  0    Dex: 16    Spells: 2/2 levels left

rFire    + . .     SeeInvis .   a - +0 falchion
rCold    + . .     Gourm    .   (no shield)
rNeg     . . .     Faith    .   b - +0 robe
rPois    +         Spirit   .   (no helmet)
rElec    +         Reflect  .   (no cloak)
rCorr    +         Harm     .   (no gloves)
MR       .....                  (no boots)
Stlth    +.........             (no amulet)
HPRegen  0.09/turn              (no ring)
MPRegen  0.08/turn              (no ring)

@: confused, mighty, resistant, flying
A: no striking features
a: no special abilities


You were on level 2 of the Dungeon.
You were not hungry.

You visited 1 branch of the dungeon, and saw 2 of its levels.

You collected 95 gold pieces.

Inventory:

Hand Weapons
 a - a +0 falchion (weapon)
Armour
 b - a +0 robe (worn)
Scrolls
 g - 4 scrolls of remove curse {unknown}
 i - a scroll of fog {unknown}
 l - a scroll of magic mapping {unknown}
Potions
 h - a potion of haste {unknown}
Comestibles
 c - a bread ration
 k - a meat ration
 m - 2 chunks of flesh


   Skills:
 + Level 3.5 Fighting
 + Level 3.5 Long Blades
 + Level 3.5 Dodging
 - Level 2.0 Stealth


You had 2 spell levels left.
You didn't know any spells.

Dungeon Overview and Level Annotations

Branches:
Dungeon (2/15)

Altars:


Message History

Something hits you but does no damage.
You barely miss something.
The orc wizard hits you but does no damage.
Something hits you. The orc priest hits you with a club.
You hear some strange, mumbled words.
Something tries to affect you, but you resist.
The orc priest looks encouraged for a moment.
You slash the orc priest!
The orc priest is heavily wounded.
The orc wizard hits you with a dagger!
* * * LOW HITPOINT WARNING * * *
Something hits you.
* * * LOW HITPOINT WARNING * * *
The orc priest looks encouraged for a moment.
You hit the orc wizard.
The orc wizard is severely wounded.
The orc wizard closely misses you. Something hits you.
* * * LOW HITPOINT WARNING * * *
The orc priest hits you with a club.
You die...

##.# #........# #.# #.#
#........# #.# #####.####
#........# #.#
#........###........# #.#
#...................###.#
#..............###..)...####
#.......)......########....#
#..........o................
#.........o@...########....#
#######..###.### #....# ##.#
#.# #....# #.# #.#
######....# #.###.#
#......#### #..##.# #.....)#
# ##.##.# #......####
#.##(### #...(.†...^
####..÷...# #..........


You could see an orc priest and an orc wizard.

Vanquished Creatures
  A dart slug (D:1)
  A leopard gecko (D:2)
  An orc (D:2)
  5 bats
  A giant cockroach (D:1)
  4 goblins
  3 hobgoblins
  4 jackals (D:1)
  3 frilled lizards (D:2)
  6 kobolds
  3 rats (D:1)
32 creatures vanquished.

Notes
Turn   | Place    | Note
-------+----------+-------------------------------------------
     0 | D:1      | Gerstahl the Human Monk began the quest for the Orb.
     0 | D:1      | Reached XP level 1. HP: 18/18 MP: 1/1
    60 | D:1      | Reached XP level 2. HP: 15/24 MP: 2/2
   417 | D:1      | Reached XP level 3. HP: 24/29 MP: 3/3
  1248 | D:2      | Slain by an orc priest

Vault maps used:
D:1:      sevenhm_arrival_forest_fort_large_2, serial_bayou_pond_a

Action                   || total
-------------------------++-------
Melee: Falchion          ||    86
  Use: Potion            ||     4
 Stab: Sleeping          ||     1
  Eat: Chunk             ||     1
Armor: Robe              ||    29
Dodge: Dodged            ||    84
       Rpst.: Falchion   ||    34

Table legend:
 A = Spawn XP
 B = Non-spawn XP
 C = Spawn XP percentage of total XP
 D = Spawn monster count
 E = Non-spawn monster count
 F = Spawn count percentage of total count
 G = Total turns spent on level
                    A         B        C        D         E        F      G
               +---------+---------+-------+---------+---------+-------+---------
         Total |       0 |      55 |   0.0 |       0 |      32 |   0.0 |  1248
               +---------+---------+-------+---------+---------+-------+---------
           D:1 |       0 |      32 |   0.0 |       0 |      17 |   0.0 |   650
           D:2 |       0 |      23 |   0.0 |       0 |      15 |   0.0 |   598
               +---------+---------+-------+---------+---------+-------+---------
